 Dungeon Crawl Stone Soup version 0.28.0-45-g0d030f2227 (webtiles) character file.

Game seed: 12218064131258241293

11 Bruhh the Caller (level 2, 0/24 HPs)
             Began as an Ogre Summoner on Apr 22, 2022.
             Slain by a gnoll
             ... wielding a +0 flail
              (4 damage)
             ... on level 2 of the Dungeon.
             The game lasted 00:02:04 (941 turns).

Bruhh the Caller (Ogre Summoner)                     Turns: 941, Time: 00:02:05

Health: 0/24       AC:  3    Str: 11    XL:     2   Next: 29%
Magic:  3/6        EV:  9    Int: 16    God:
Gold:   14         SH:  0    Dex:  9    Spells: 6/7 levels left

rFire   . . .      SeeInvis .   (no weapon)
rCold   . . .      Faith    .   (no shield)
rNeg    . . .      Spirit   .   a - +0 robe
rPois   .          Reflect  .   (helmet restricted)
rElec   .          Harm     .   (no cloak)
rCorr   .          Rampage  .   (gloves unavailable)
Will    .....                   (boots unavailable)
Stlth   +.........              (no amulet)
HPRegen 0.08/turn               (no ring)
MPRegen 0.10/turn               (no ring)

@: no status effects
A: large, unfitting armour, tough skin 1
a: no special abilities


You were on level 2 of the Dungeon.
You visited 1 branch of the dungeon, and saw 2 of its levels.

You collected 14 gold pieces.

Inventory:

Armour
 a - a +0 robe (worn)
Jewellery
 e - an amulet of magic regeneration
 g - a ring of see invisible
Scrolls
 d - a scroll of noise {unknown}
 f - a scroll of amnesia {unknown}
 i - a scroll of teleportation {unknown}
Potions
 b - a potion of magic {unknown}
 c - a potion of mutation {unknown}
 h - a potion of might {unknown}


   Skills:
 - Level 1.7 Dodging
 - Level 1.4 Stealth
 + Level 3.4 Spellcasting
 - Level 3.6 Summonings


You had 6 spell levels left.
You knew the following spells:

 Your Spells              Type           Power      Damage    Failure   Level
a - Summon Small Mammal   Summ           56%        N/A       4%          1

Your spell library contained the following spells:

 Spells                   Type           Power      Damage    Failure   Level
 Call Imp                 Summ           14%        N/A       6%          2
 Call Canine Familiar     Summ           14%        N/A       12%         3
 Slow                     Hex            8%         N/A       19%         1
 Summon Guardian Golem    Hex/Summ       8%         N/A       26%         3
 Confusing Touch          Hex            2%         N/A       47%         3
 Vampiric Draining        Necr           2%         2d6       47%         3
 Summon Lightning Spire   Summ/Air       8%         N/A       65%         4


Dungeon Overview and Level Annotations

Branches:
Dungeon (2/15)

Altars:


Innate Abilities, Weirdness & Mutations

You are too large for most types of armour.
You have tough skin. (AC +1)


Message History

A gnoll is nearby!
The gnoll shouts!
A gnoll comes into view. It is wielding a +0 flail.
The gnoll hits your quokka but does no damage.
A gnoll comes into view. It is wielding a +0 spear.
Your quokka bites the gnoll.
The gnoll hits your quokka with a +0 spear!
Your quokka dies!
Your quokka's corpse disappears in a puff of smoke!
The gnoll shouts!
Your quokka bites the gnoll.
The gnoll barely misses your quokka.
Your quokka completely misses the gnoll.
Your bat hits the gnoll but does no damage.
Your quokka barely misses the gnoll.
Your quokka bites the gnoll.
Your bat hits the gnoll.
Your quokka barely misses the gnoll.
The gnoll hits your quokka with a +0 spear.
Your quokka dies!
Your quokka's corpse disappears in a puff of smoke!
The gnoll shouts!
Your bat hits the gnoll.
A gnoll comes into view. It is wielding a +0 rapier.
Your bat hits the gnoll but does no damage.
The gnoll barely misses your bat.
Your bat hits the gnoll but does no damage.
The gnoll misses your bat.
The gnoll hits your bat with a +0 flail.
Your bat dies!
Your bat's corpse disappears in a puff of smoke!
The gnoll closely misses your quokka.
Your quokka closely misses the gnoll.
You closely miss the gnoll.
Your quokka barely misses the gnoll.
The gnoll hits your quokka with a +0 spear.
Your quokka dies!
Your quokka's corpse disappears in a puff of smoke!
The gnoll hits you but does no damage. The gnoll hits you with a +0 spear!
The gnoll hits you with a +0 flail.
The gnoll hits you from afar with a +0 spear.
* * * LOW HITPOINT WARNING * * *
The gnoll hits you but does no damage. x2
The gnoll hits you with a +0 flail.
You die...

#. #..### # #..#..
.## #..#.# #.#
...#.###.#
.#####$.....#####
........gg.§....#
...####.gg.@....#
.......<)..†.....#
...#.#.##........#
.. #. #....###.# .
#. #+#.## .. #.
.... ## .. .....
## .......# ..###


You could see 4 gnolls.

Vanquished Creatures
  2 ball pythons (D:1)
  A bat (D:1)
3 creatures vanquished.

Vanquished Creatures (collateral kills)
  3 goblins
  A quokka (D:1)
  A ball python (D:1)
  3 bats
8 creatures vanquished.

Grand Total: 11 creatures vanquished

Notes
Turn   | Place    | Note
-------+----------+-------------------------------------------
     0 | D:1      | Bruhh the Ogre Summoner began the quest for the Orb.
     0 | D:1      | Reached XP level 1. HP: 16/16 MP: 3/3
   807 | D:1      | Reached XP level 2. HP: 24/24 MP: 3/6
   941 | D:2      | Slain by a gnoll

Illustrated notes

Levels and vault maps discovered:
D:1:      lemuel_arrival_hallway, layout_basic
D:2:      layout_basic, hellmonk_ecumenical_altar_defaced_shrine,
          supply_closet_lemuel, feat_on_display

Skill      XL: |  1 |
---------------+----+-----
Spellcasting   | 3 |  3.4
Dodging        | |  1.7
Stealth        | |  1.4
Summonings     | |  3.6

Action                   || total
-------------------------++-------
Melee: Unarmed           ||    45
 Cast: Summon Small Mamm ||    24
Armor: Robe              ||    44
Dodge: Dodged            ||    44
